 Dungeon Crawl Stone Soup version 0.32-a0-656-g3542139ebd (webtiles) character file.

Game seed: 9156856304366378708

3789 croobank the Covert (level 9, -4/70 HPs)
             Began as a Felid Summoner on Mar 8, 2024.
             Was a Follower of Kikubaaqudgha.
             Slain by Erica
             ... wielding a +3 scimitar of flaming
              (8 damage)
             ... on level 8 of the Dungeon.
             The game lasted 00:26:15 (9399 turns).

croobank the Covert (Felid Summoner)                Turns: 9399, Time: 00:26:15

Health: -4/70      AC:  2    Str:  5    XL:     9   Next: 95%
Magic:  16/20      EV: 12    Int: 24    God:    Kikubaaqudgha [*.....]
Gold:   356        SH:  0    Dex: 17    Spells: 4/22 levels left
                                        Lives:  0   Deaths: 3

rFire   + . .        (weapon unavailable)
rCold   . . .        (shield unavailable)
rNeg    . . .        (body armour unavailable)
rPois   .            (helmet unavailable)
rElec   .            (cloak unavailable)
rCorr   .            (gloves unavailable)
SInv    +            (boots unavailable)
Will    ++...        (no amulet) Stlth
                     g - ring of willpower
HPRegen 0.31/turn    n - ring of protection from fire
MPRegen 0.17/turn

%: no passive effects
@: berserking, constricted, very quick
A: very small, claws 1, fangs 3, see invisible, shaggy fur 2, stealthy paws, no
weapons or thrown items, no armour, multi-lived, clever 1, screaming 1
a: Renounce Religion, Unearth Wretches


You were on level 8 of the Dungeon.
You worshipped Kikubaaqudgha.
Kikubaaqudgha was aware of your devotion.
You visited 2 branches of the dungeon, and saw 9 of its levels.

You collected 356 gold pieces.

Inventory:

Jewellery
 g - a ring of willpower (left paw)
 l - a ring of ice
 n - a ring of protection from fire (right paw)
 o - a ring of ice
 q - an amulet of guardian spirit
Talismans
 k - a beast talisman
Wands
 c - a wand of polymorph (10)
 f - a wand of quicksilver (11)
 t - a wand of flame (13)
Scrolls
 b - a scroll of immolation
 d - a scroll of revelation
 h - 4 scrolls of teleportation
 j - a scroll of fog {unknown}
 m - a scroll of identify
 u - a scroll of brand weapon {unknown}
Potions
 a - a potion of brilliance
 i - a potion of degeneration {unknown}
 p - 3 potions of curing
 r - a potion of heal wounds {unknown}
 s - 2 potions of attraction {unknown}


   Skills:
 + Level 5.1 Fighting
 + Level 7.7 Dodging
 + Level 8.1 Stealth
 * Level 7.1 Spellcasting
 + Level 6.7 Summonings
 + Level 0.0 Necromancy
 * Level 3.9 Fire Magic
 * Level 2.8 Air Magic


You had 4 spell levels left.
You knew the following spells:

 Your Spells              Type           Power      Damage    Failure   Level
a - Summon Small Mammal   Summ           100%       N/A       1%          1
b - Call Imp              Summ           82%        N/A       1%          2
c - Call Canine Familiar  Summ           41%        N/A       1%          3
d - Summon Blazeheart Go  Fire/Summ      34%        N/A       8%          4
e - Summon Lightning Spi  Summ/Air       31%        N/A       10%         4
A - Animate Dead          Necr           8%         N/A       56%         4

Your spell library contained the following spells:

 Spells                   Type           Power      Damage    Failure   Level
 Magic Dart               Conj           32%        1d4       7%          1
 Necrotise                Necr           32%        1d5       7%          1
 Inner Flame              Hex/Fire       17%        N/A       10%         3
 Volatile Blastmotes      Fire/Tloc      34%        2d12      10%         3
 Blink                    Tloc           16%        N/A       11%         2
 Lesser Beckoning         Tloc           16%        N/A       11%         2
 Momentum Strike          Conj/Tloc      16%        3d8       11%         2
 Searing Ray              Conj           16%        2d5       11%         2
 Sublimation of Blood     Necr           8%         N/A       11%         2
 Dazzling Flash           Conj/Hex       16%        N/A       22%         3
 Gell's Gravitas          Tloc           8%         N/A       22%         3
 Teleport Other           Tloc           8%         N/A       22%         3
 Vampiric Draining        Necr           8%         2d6       22%         3
 Flame Wave               Conj/Fire      17%        2d7       32%         4
 Sticky Flame             Fire/Alch      17%        2d5       32%         4
 Fulminant Prism          Conj/Alch      4%         3d5       56%         4
 Starburst                Conj/Fire      8%         6d4       99%         6
 Maxwell's Capacitive Co  Air            11%        ∞         100%        8


Dungeon Overview and Level Annotations

Branches:
Dungeon (8/15)             Temple (1/1) D:6
   Lair: D:8-11

Altars:
Ashenzari
Cheibriados
Dithmenos
Elyvilon
Fedhas
Gozag
Hepliaklqana
Kikubaaqudgha
Makhleb
Nemelex Xobeh
Okawaru
Qazlal
Ru
Sif Muna
Trog
Uskayaw
Vehumet
Wu Jian
Xom
Yredelemnul
Zin
The Shining One

Annotations:
D:3 3 runed translucent doors, dolemite99's ghost, amateur CoRe
D:8 Erica


Innate Abilities, Weirdness & Mutations

You have sharp claws.
You have razor-sharp teeth.
You have supernaturally acute eyesight. (SInv)
You are covered in thick fur. (AC +2)
Your paws help you pounce on unaware monsters.
You are incapable of wielding weapons or throwing items.
You cannot wear armour.
You gain extra lives every three experience levels.
Your mind is acute. (Int +4, Str/Dex -1)
You occasionally shout uncontrollably at your foes.


Message History

Your cerulean imp barely misses the orc.
The orc misses your inugami.
Your inugami completely misses the orc.
Your cerulean imp hits the orc from afar with a +0 spear.
The orc dies!
Kikubaaqudgha accepts your kill.
You swap places.
You swap places.
Things that are here:
a +0 mace; a +0 ring mail Your cerulean imp disappears in a puff of smoke!
Things that are here:
a +0 mace; a +0 short sword You now have 356 gold pieces (gained 15).
Your inugami disappears in a puff of smoke!
Found a stone staircase leading down.
u - a scroll labelled DUNOMP KUIZ
Found a leather armour.
Erica the Fiery-Tempered comes into view.
She is wielding a +3 scimitar of flaming.
The helpless Erica fails to defend herself.
You mangle Erica!!
Erica is moderately wounded.
Erica hits you with a +3 scimitar of flaming!
Erica burns you. Erica grabs you. Erica constricts you.
Casting: Call Imp (safe; 1% risk of failure)
Confirm with . or Enter, or press ? or * to list all spells.
A fiery spirit appears, bound in slag iron.
Erica hits you with a +3 scimitar of flaming!
* * * LOW HITPOINT WARNING * * *
Erica burns you.
* * * LOW HITPOINT WARNING * * *
Erica constricts you.
* * * LOW HITPOINT WARNING * * *
Okay, then.
Okay, then.
A red film seems to cover your vision as you go berserk!
You feel yourself moving faster!
You feel mighty!
Erica hits you with a +3 scimitar of flaming!
You die...
Erica begins burbling mirthfully and uncontrollably.
Kikubaaqudgha rasps: You have failed me!
Welcome... death!

#######
#9....#
#x@...#
#.###.#####.#
#.#.........#
#.#.#.#######
#.....#
#.#.#.###
#.......#
#######.# #.#


You could see Erica (ally target) and a friendly blazeheart golem (summoned).

Vanquished Creatures
  3 yaks (D:8)
  A steam dragon (D:7)
  An orc warrior (D:6)
  2 centaurs
  4 killer bees (D:6)
  An orc priest (D:5)
  A hound (D:5)
  An iguana (D:7)
  2 gnolls
  An adder (D:5)
  A ribbon worm (D:3)
  A dart slug (D:4)
  4 orcs
  3 endoplasms
  A giant cockroach (D:2)
  3 goblins
  A quokka (D:1)
  2 ball pythons (D:2)
  2 bats
  A frilled lizard (D:2)
  A rat (D:3)
37 creatures vanquished.

Vanquished Creatures (collateral kills)
  Grinder (D:3)
  Eustachio (D:6)
  2 yaks (D:8)
  A water moccasin (D:6)
  A black bear (D:7)
  2 ice beasts
  A centaur (D:5)
  A phantom (D:5)
  A bullfrog (D:7)
  2 scorpions (D:5)
  4 wights (D:7)
  2 killer bees (D:6)
  6 bombardier beetles
  4 hounds
  2 orc priests
  A jelly (D:7)
  3 sleepcaps
  5 iguanas
  Natasha (thrice) (D:3)
  2 orc wizards
  Robin (D:2)
  8 adders
  9 gnolls
  A shadow imp (D:7)
  A ribbon worm (D:2)
  3 dart slugs
  24 orcs
  5 endoplasms
  4 giant cockroaches
  7 goblins
  8 hobgoblins
  7 jackals
  4 quokkas
  7 ball pythons
  3 bats
  3 frilled lizards
  9 kobolds
  3 rats (D:1)
152 creatures vanquished.

Vanquished Creatures (others)
  15 blazeheart cores
15 creatures vanquished.

Grand Total: 204 creatures vanquished

Notes
Turn   | Place    | Note
-------+----------+-------------------------------------------
     0 | D:1      | croobank the Felid Summoner began the quest for the Orb.
     0 | D:1      | Reached XP level 1. HP: 9/9 MP: 4/4
   244 | D:1      | Reached skill level 3 in Stealth
   257 | D:1      | Reached XP level 2. HP: 13/13 MP: 4/6
   266 | D:1      | Learned a level 2 spell: Call Imp
   976 | D:1      | Reached XP level 3. HP: 17/17 MP: 3/7
   980 | D:1      | Learned a level 3 spell: Call Canine Familiar
  1567 | D:2      | Found a faded altar of an unknown god.
  1578 | D:2      | Reached skill level 1 in Fighting
  1578 | D:2      | Reached XP level 4. HP: 22/22 MP: 2/9
  1578 | D:2      | Gained a life (2 lives remaining)
  1822 | D:2      | Noticed Robin
  1840 | D:2      | Killed Robin
  2234 | D:3      | Noticed Grinder
  2245 | D:3      | Succumbed to a kobold's poison
  2245 | D:3      | Lost a life (1 life remaining)
  2757 | D:3      | Noticed Natasha
  2774 | D:3      | Reached XP level 5. HP: 25/25 MP: 0/10
  2789 | D:3      | Killed Grinder
  2790 | D:3      | Reached skill level 4 in Stealth
  2790 | D:3      | Gained mutation: You are covered in thick fur. (AC +2)
                  | [Felid growth]
  2790 | D:3      | Reached XP level 6. HP: 30/30 MP: 8/12
  2892 | D:3      | Reached skill level 5 in Summonings
  2945 | D:3      | Found a runed translucent gate.
  2945 | D:3      | Found a runed translucent gate.
  2946 | D:3      | Found a runed translucent gate.
  2946 | D:3      | Noticed dolemite99's ghost (amateur CoRe)
  2953 | D:3      | Learned a level 4 spell: Summon Blazeheart Golem
  3084 | D:3      | Killed Natasha
  3201 | D:3      | Noticed Natasha
  3652 | D:3      | Killed Natasha
  3694 | D:3      | Noticed Natasha
  3705 | D:3      | Killed Natasha
  4285 | D:4      | Reached XP level 7. HP: 23/35 MP: 3/14
  4285 | D:4      | Gained a life (2 lives remaining)
  4592 | D:4      | Reached skill level 5 in Stealth
  4592 | D:4      | Reached skill level 1 in Fire Magic
  4928 | D:5      | Entered Level 5 of the Dungeon
  4979 | D:5      | Reached skill level 5 in Dodging
  4985 | D:5      | Engulfed by a cloud of flame
  4985 | D:5      | Lost a life (1 life remaining)
  5600 | D:5      | Reached skill level 5 in Spellcasting
  5600 | D:5      | Reached XP level 8. HP: 40/40 MP: 7/16
  6263 | D:6      | Noticed Eustachio
  6275 | D:6      | Killed Eustachio
  6276 | D:6      | Reached skill level 6 in Stealth
  6433 | D:6      | Learned a level 4 spell: Summon Lightning Spire
  6640 | D:6      | Found a staircase to the Ecumenical Temple.
  6667 | Temple   | Entered the Ecumenical Temple
  6676 | Temple   | Became a worshipper of Kikubaaqudgha
  6999 | D:6      | Reached skill level 1 in Air Magic
  7001 | D:6      | HP: 2/42 [poisoned by a water moccasin]
  7187 | D:6      | Gained mutation: Your mind is acute. (Int +4, Str/Dex -1)
                  | [potion of mutation]
  7187 | D:6      | Gained mutation: You occasionally shout uncontrollably at
                  | your foes. [potion of mutation]
  7187 | D:6      | Slain by a killer bee
  7187 | D:6      | Lost a life (0 lives remaining)
  7271 | D:6      | Reached XP level 9. HP: 45/45 MP: 9/19
  7344 | D:6      | Reached skill level 7 in Stealth
  7504 | D:7      | Found a bloodstained altar of Trog.
  9199 | D:8      | Reached skill level 5 in Fighting
  9199 | D:8      | Reached skill level 8 in Stealth
  9214 | D:8      | Reached * piety under Kikubaaqudgha
  9214 | D:8      | Received a gift from Kikubaaqudgha
  9222 | D:8      | Learned a level 4 spell: Animate Dead
  9393 | D:8      | Noticed Erica
  9398 | D:8      | HP: 2/47 [constriction (4)]
  9399 | D:8      | Slain by Erica

Illustrated notes

Levels and vault maps discovered:
D:1:      dpeg_arrival_tiny_b, layout_loops_ring
D:2:      layout_loops_ring, hellmonk_ecumenical_altar_pennies_from_heaven,
          minmay_parallelograms, uniq_robin
D:3:      layout_basic, ebering_ghost_rock_garden, minmay_distorted,
          uniq_natasha, uniq_grinder
D:4:      layout_basic
D:5:      layout_loops_ring, kennysheep_doodads, grunt_ministairs_14,
          st_stairs_10
D:6:      layout_basic, temple_green, uniq_eustachio
D:7:      layout_gridville, mainiacjoe_overflow_cross_hatched,
          nicolae_hexahallways, grunt_ministairs_9
D:8:      layout_loops_corners, uniq_erica
Temple:   nicolae_temple_the_god_donut

Skill      XL: |  1  2  3  4  5  6  7  8  9 |
---------------+----------------------------+-----
Stealth        | 3 4 5 6 8 |  8.1
Dodging        | 3 4 5 6 7 |  7.7
Fighting       | 1 2 3 4 5 |  5.1
Spellcasting   | 3 4 5 6 7 |  7.1
Summonings     | 5 6 |  6.7
Fire Magic     | 1 2 3 |  3.9
Air Magic      | 1 2 |  2.8

Action                     |  1- 3 |  4- 6 |  7- 9 || total
---------------------------+-------+-------+-------++-------
  Melee: Unarmed           |    24 |    58 |    84 ||   166
         Bite              |     1 |     6 |    16 ||    23
         Punch             |       |     2 |     1 ||     3
   Cast: Summon Small Mamm |    32 |    31 |    38 ||   101
         Call Imp          |    16 |    18 |    30 ||    64
         Call Canine Famil |     4 |    15 |    19 ||    38
         Summon Blazeheart |       |     1 |    25 ||    26
         Summon Lightning  |       |       |     6 ||     6
    Use: Potion            |       |     5 |     3 ||     8
         Scroll            |       |     1 |    10 ||    11
   Stab: Sleeping          |     3 |     5 |     8 ||    16
         Distracted        |       |     1 |     3 ||     4
 Armour: Skin              |    20 |    24 |    72 ||   116
  Dodge: Dodged            |    30 |    73 |   144 ||   247

Table legend: (Time is in decaauts)
 A = Elapsed time spent in this place.
 B = Non-inter-level travel time spent in this place.
 C = Inter-level travel time spent in this place.
 D = Time resting spent in this place.
 E = Time spent auto-exploring this place.
 F = Levels seen in this place.
 G = Mean time per level.
                   A        B        C        D        E       F      G
               +--------+--------+--------+--------+--------+-----+--------+
         Total |   9405 |   8890 |    515 |    803 |   6134 |   9 | 1045.0 |
       Dungeon |   9387 |   8881 |    506 |    803 |   6134 |   8 | 1173.4 |
        Temple |     18 |      9 |      9 |      0 |      0 |   1 |   18.0 |
               +--------+--------+--------+--------+--------+-----+--------+

Top non-repeatable levels by time:
     D:3: 1651 daAuts
     D:5: 1340 daAuts
     D:7: 1231 daAuts
     D:6: 1222 daAuts
     D:4: 1137 daAuts
     D:1: 1114 daAuts
     D:2: 1026 daAuts
     D:8: 662 daAuts
  Temple: 18 daAuts
